 Dungeon Crawl Stone Soup version 0.31-a0-640-g39d97e502b (webtiles) character file.

Game seed: 5893650977501919750

38582 qw the Marksgargoyle (level 14, -2/90 HPs)
             Began as a Gargoyle Hunter on Aug 27, 2023.
             Was a High Priest of Okawaru.
             Slain by a black mamba (12 damage)
             ... on level 5 of the Lair of Beasts.
             The game lasted 00:08:33 (14684 turns).

qw the Marksgargoyle (Gargoyle Hunter)             Turns: 14684, Time: 00:08:33

Health: -2/90      AC: 23    Str: 15    XL:     14   Next: 2%
Magic:  20/21      EV: 24    Int: 11    God:    Okawaru [*****.]
Gold:   291        SH:  0    Dex: 27    Spells: 13/13 levels left

rFire   + . .        Y - +1 longbow
rCold   + + .        (shield currently unavailable)
rNeg    + . .        m - +3 leather armour {rC+}
rPois   inf          p - +2 hat
rElec   +            d - scarf "Bepniodd" {rC+ rF+, rElec rPois rCorr Dex-2}
rCorr   +            s - +1 pair of gloves
SInv    .            l - +0 pair of boots
Will    +....        r - amulet of faith
Stlth   ++++         u - +6 ring of dexterity
HPRegen 0.35/turn    q - +6 ring of dexterity
MPRegen 0.17/turn

%: faith
@: heroic, flying
A: sickness immunity, AC +10, big wings, negative energy resistance 1,
electricity resistance, torment resistance 1, petrification resistance
a: Renounce Religion, Heroism, Finesse, Duel


You were on level 5 of the Lair of Beasts.
You worshipped Okawaru.
Okawaru was extremely pleased with you.
You visited 3 branches of the dungeon, and saw 16 of its levels.

You collected 1148 gold pieces.
You spent 857 gold pieces at shops.


Innate Abilities, Weirdness & Mutations

You are immune to sickness and miasma.
Your stone body is resilient. (AC +10)
You are immune to poison.
Your large and strong wings let you fly.
You resist negative energy. (rN+)
You are resistant to electric shocks. (rElec)
You are resistant to unholy torment.
You are immune to petrification.


   Skills:
 - Level 11.0(16.0) Fighting
 + Level 17.4(22.4) Ranged Weapons
 - Level 4.0(9.0) Armour
 - Level 8.0(13.0) Dodging
 - Level 1.1(6.1) Stealth
 - Level 10.0 Invocations


You had 13 spell levels left.
You didn't know any spells.
Your spell library was empty.

Inventory:

Hand Weapons
 Y - a +1 longbow (weapon)
Armour
 d - the scarf "Bepniodd" (worn) {rC+ rF+, rElec rPois rCorr Dex-2}
   (Okawaru gifted it to you on level 3 of the Lair of Beasts)

   Dex-2:     It affects your dexterity (-2).
   rElec:     It insulates you from electricity.
   rPois:     It protects you from poison rCorr: It protects you from acid and
   corrosion.
 h - a +1 cloak
 l - a +0 pair of boots (worn)
 m - a +3 leather armour of cold resistance (worn)
 n - a +0 robe of fire resistance
 p - a +2 hat (worn)
 s - a +1 pair of gloves (worn)
 t - a +0 troll leather armour
Jewellery
 q - a +6 ring of dexterity (right hand)
 r - an amulet of faith (around neck)
 u - a +6 ring of dexterity (left hand)
 v - the amulet "Abucoeph" {Spirit rC+ Str-3 Slay+2}
   (You bought it in a shop on level 10 of the Dungeon)

   [amulet of guardian spirit]

   Spirit:    It causes incoming damage to be divided between your reserves of
   health and magic.
   Str-3:     It affects your strength (-3).
   Slay+2:    It affects your accuracy & damage with ranged weapons and melee
   (+2).
   rC+:       It protects you from cold.
Scrolls
 a - 6 scrolls of identify
Potions
 c - a potion of haste
 e - 2 potions of might
 f - 2 potions of enlightenment
 g - 7 potions of curing
 j - 2 potions of mutation
 k - 2 potions of resistance

Dungeon Overview and Level Annotations

Branches:
Dungeon (10/15)            Temple (1/1) D:7            Lair (5/5) D:10
  Swamp (0/4) Lair:3       Spider (0/4) Lair:2        Slime (0/5) Lair:4
    Orc: D:9-12

Altars:
Ashenzari
Cheibriados
Dithmenos
Elyvilon
Fedhas
Gozag
Hepliaklqana
Kikubaaqudgha
Makhleb
Nemelex Xobeh
Okawaru
Qazlal
Ru
Sif Muna
Trog
Uskayaw
Vehumet
Wu Jian
Xom
Yredelemnul
Zin
The Shining One

Shops:
D:5 [   D:8 (   D:10 =

Annotations:
D:1 1 transporter
Lair:4 1 runed translucent door


Message History

Okawaru accepts your kill. The black mamba misses you.
A black mamba comes into view.
You shoot an arrow. The black mamba hisses angrily.
The arrow hits the elephant.
The elephant is lightly wounded.
The black mamba misses you. The elephant misses you.
The elephant completely misses you. The black mamba completely misses you.
You shoot an arrow. The arrow hits the elephant.
The elephant is lightly wounded.
The black mamba misses you. The elephant barely misses you.
The elephant closely misses you.
You shoot an arrow. The arrow hits the elephant!
The elephant is lightly wounded.
The black mamba completely misses you. The elephant completely misses you.
The elephant trunk-slaps you but does no damage.
You shoot an arrow. The arrow hits the elephant!
The elephant is moderately wounded.
The black mamba closely misses you.
The black mamba bites you but does no damage.
You shoot an arrow. The arrow barely misses the elephant.
The elephant misses you. The elephant closely misses you.
The black mamba completely misses you.
You shoot an arrow. The arrow hits the elephant!
The elephant is heavily wounded.
The black mamba misses you. The black mamba closely misses you.
The elephant closely misses you. The elephant completely misses you.
You shoot an arrow. The arrow hits the elephant.
The elephant is heavily wounded.
The black mamba barely misses you. The black mamba misses you.
The black mamba barely misses you. The elephant misses you. x2
You shoot an arrow. The arrow hits the elephant!!
The elephant is almost dead.
The black mamba barely misses you. x2; The black mamba misses you.
You shoot an arrow. The arrow hits the elephant!!
You kill the elephant!
Okawaru accepts your kill. The black mamba bites you!
You die...

P~ ~~PP #### #
~..~~##@.####...
......SS%.......
.....%..........
................
................
................
................
................
..............Y.


You could see 2 black mambas.

Vanquished Creatures
  A hydra (Lair:2)
  3 two-headed ogres
  A boulder beetle (Lair:4)
  11 death yaks
  Amaemon (D:9)
  A bog body (Lair:3)
  A lindwurm (Lair:1)
  An oklob plant (Lair:1)
  8 elephants
  5 black mambas
  9 cane toads
  An orange demon (D:9)
  A torpor snail (Lair:3)
  Jeremiah (D:8)
  A gargoyle (D:10)
  3 rime drakes
  8 komodo dragons
  A kobold demonologist (D:10)
  2 trolls
  Grinder (D:4)
  2 polar bears
  A hornet (D:9)
  10 blink frogs (Lair:3)
  11 dream sheep
  A shadow (D:10)
  A vampire (D:10)
  4 basilisks
  17 yaks
  An acid dragon (D:7)
  3 orc warriors
  5 water moccasins
  A black bear (D:7)
  4 ice beasts
  2 sky beasts
  5 ogres
  5 centaurs
  19 wolves
  4 phantoms
  3 kobold brigands
  Blork the orc (D:4)
  15 bullfrogs
  3 gnoll sergeants
  10 scorpions
  4 wights
  19 killer bees
  4 howler monkeys
  3 hounds
  2 gnoll boudas
  2 orc priests
  3 jellies
  Terence (D:2)
  7 iguanas
  Natasha (twice) (D:4)
  3 orc wizards
  25 gnolls
  8 adders
  A shadow imp (D:4)
  3 white imps
  2 ufetubi
  11 worms
  21 orcs
  5 bats
  8 endoplasms
  6 giant cockroaches
  4 goblins
  10 hobgoblins
  4 jackals (D:5)
  2 quokkas
  12 ball pythons
  2 frilled lizards
  20 kobolds
  2 rats (D:3)
385 creatures vanquished.

Notes
Turn   | Place    | Note
-------+----------+-------------------------------------------
     0 | D:1      | qw the Gargoyle Hunter began the quest for the Orb.
     0 | D:1      | Reached XP level 1. HP: 12/12 MP: 1/1
     0 | D:1      | 0 ||| qw: Version: 0.3-a-74-g0d5e918
     0 | D:1      | 0 ||| qw: Game counter: 12
     0 | D:1      | 0 ||| qw: Melee chars always use a shield: true
     0 | D:1      | 0 ||| qw: God list: Okawaru
     0 | D:1      | 0 ||| qw: Allow faded altars: false
     0 | D:1      | 0 ||| qw: Do Orc after clearing Dungeon:15 true
     0 | D:1      | 0 ||| qw: Do second Lair branch before Depths: true
     0 | D:1      | 0 ||| qw: Lair rune preference: random
     0 | D:1      | 0 ||| qw: Goals: Normal
     0 | D:1      | 0 ||| PLANNING D:1-11
   165 | D:1      | Reached XP level 2. HP: 16/17 MP: 2/2
   666 | D:1      | 666 ||| UPGRADING to +0 ring mail.
   676 | D:1      | 676 ||| DROPPING +0 leather armour.
   677 | D:1      | 677 ||| READING 2 scrolls labelled NEAPHE VIAST.
   678 | D:1      | 678 ||| READING scroll labelled HELLEF IKUWN.
   679 | D:1      | 679 ||| READING scroll labelled YMOVIT CEICW.
   680 | D:1      | 680 ||| READING scroll labelled WUHEPT MUOHAA.
   781 | D:1      | 781 ||| DRINKING 2 fizzy yellow potions.
   782 | D:1      | 782 ||| DROPPING scroll of butterflies.
   921 | D:2      | Reached skill level 1 in Armour
   934 | D:2      | Reached XP level 3. HP: 10/21 MP: 3/3
   981 | D:2      | Noticed Terence
   999 | D:2      | Killed Terence
  1000 | D:2      | Reached skill level 5 in Ranged Weapons
  1129 | D:2      | Reached XP level 4. HP: 27/27 MP: 4/4
  1454 | D:2      | 1454 ||| READING scroll labelled AGUPIE HOVI.
  1455 | D:2      | 1455 ||| READING scroll labelled WYNURARPHUN.
  1456 | D:2      | 1456 ||| DRINKING 3 fizzy silvery potions.
  1474 | D:2      | 1474 ||| DRINKING 2 fuming inky potions.
  1579 | D:2      | 1579 ||| READING 5 scrolls of identify.
  1579 | D:2      | 1579 ||| IDENTIFYING fuming puce potion
  1580 | D:2      | 1580 ||| READING 4 scrolls of identify.
  1580 | D:2      | 1580 ||| IDENTIFYING glowing green potion
  1581 | D:2      | 1581 ||| DROPPING 2 potions of lignification.
  1582 | D:2      | 1582 ||| DROPPING potion of berserk rage.
  1664 | D:3      | Reached skill level 3 in Fighting
  1678 | D:3      | Found a shimmering altar of Xom.
  1974 | D:3      | Reached XP level 5. HP: 32/32 MP: 5/5
  2161 | D:3      | Noticed a +0 hand axe
  2162 | D:3      | Noticed a +0 hand axe
  2166 | D:3      | Found a hide-covered altar of Uskayaw.
  2225 | D:3      | 2225 ||| UPGRADING to +0 helmet.
  2230 | D:3      | 2230 ||| DROPPING amulet of magic regeneration.
  2231 | D:3      | 2231 ||| READING 3 scrolls of identify.
  2231 | D:3      | 2231 ||| IDENTIFYING yellow potion
  2258 | D:4      | 2258 ||| STAIRDANCE
  2284 | D:4      | 2284 ||| STAIRDANCE
  2297 | D:3      | Reached skill level 6 in Ranged Weapons
  2376 | D:4      | 2376 ||| STAIRDANCE
  2479 | D:4      | Reached XP level 6. HP: 36/38 MP: 6/6
  2496 | D:4      | Noticed Natasha
  2500 | D:4      | Found a broken altar of Ashenzari.
  2507 | D:4      | 2507 ||| Stepping ~*~*~tactically~*~*~ (retreating).
  2508 | D:4      | 2508 ||| Stepping ~*~*~tactically~*~*~ (retreating).
  2509 | D:4      | 2509 ||| Stepping ~*~*~tactically~*~*~ (retreating).
  2510 | D:4      | 2510 ||| Stepping ~*~*~tactically~*~*~ (retreating).
  2511 | D:4      | 2511 ||| Stepping ~*~*~tactically~*~*~ (retreating).
  2513 | D:4      | Killed Natasha
  2714 | D:4      | Noticed Blork the orc
  2716 | D:4      | 2716 ||| FLEEEEING.
  2731 | D:4      | Killed Blork the orc
  2732 | D:4      | Reached skill level 7 in Ranged Weapons
  3014 | D:4      | Noticed Grinder
  3017 | D:4      | Paralysed by Grinder for 3 turns
  3031 | D:4      | Paralysed by Grinder for 3 turns
  3041 | D:4      | Killed Grinder
  3042 | D:4      | Reached skill level 8 in Ranged Weapons
  3042 | D:4      | Reached XP level 7. HP: 18/43 MP: 7/7
  3097 | D:4      | 3097 ||| FLEEEEING.
  3098 | D:4      | 3098 ||| FLEEEEING.
  3110 | D:4      | HP: 10/43 [gnoll/+0 spear (3)]
  3111 | D:4      | 3111 ||| DRINKING potion of heal wounds.
  3370 | D:4      | Reached XP level 8. HP: 43/49 MP: 8/8
  3419 | D:4      | Noticed Natasha
  3426 | D:4      | 3426 ||| Stepping ~*~*~tactically~*~*~ (retreating).
  3427 | D:4      | 3427 ||| Stepping ~*~*~tactically~*~*~ (retreating).
  3428 | D:4      | 3428 ||| Stepping ~*~*~tactically~*~*~ (retreating).
  3429 | D:4      | 3429 ||| Stepping ~*~*~tactically~*~*~ (retreating).
  3430 | D:4      | 3430 ||| Stepping ~*~*~tactically~*~*~ (retreating).
  3431 | D:4      | 3431 ||| Stepping ~*~*~tactically~*~*~ (retreating).
  3432 | D:4      | 3432 ||| Stepping ~*~*~tactically~*~*~ (retreating).
  3433 | D:4      | 3433 ||| Stepping ~*~*~tactically~*~*~ (retreating).
  3434 | D:4      | 3434 ||| Stepping ~*~*~tactically~*~*~ (retreating).
  3435 | D:4      | 3435 ||| RETREATING.
  3439 | D:4      | Killed Natasha
  3838 | D:4      | 3838 ||| UPGRADING to +1 cloak.
  3843 | D:4      | 3843 ||| UPGRADING to +0 pair of boots.
  3848 | D:4      | 3848 ||| READING scroll labelled DAUPTU KOUPS.
  3849 | D:4      | 3849 ||| READING 2 scrolls labelled VIP PULOICAME.
  3850 | D:4      | 3850 ||| READING scroll labelled AFOOTEU LOORGH.
  3854 | D:4      | 3854 ||| READING 2 scrolls of identify.
  3854 | D:4      | 3854 ||| IDENTIFYING fizzy green potion
  3855 | D:4      | 3855 ||| DROPPING scroll of poison.
  3875 | D:5      | Entered Level 5 of the Dungeon
  3882 | D:5      | 3882 ||| STAIRDANCE
  3901 | D:5      | Found Fisauvoy's Antique Armour Emporium.
  3940 | D:5      | 3940 ||| BUYING runed leather armour (135 gold).
  3940 | D:5      | Bought a runed leather armour for 135 gold pieces
  3940 | D:5      | 3940 ||| SHOPLISTING steaming ring mail (243 gold, have
                  | 145).
  3951 | D:5      | Found an opulent altar of Gozag.
  3953 | D:5      | Found a hazy altar of Hepliaklqana.
  3954 | D:5      | 3954 ||| Stepping ~*~*~tactically~*~*~ (retreating).
  3956 | D:5      | 3956 ||| Stepping ~*~*~tactically~*~*~ (retreating).
  3957 | D:5      | 3957 ||| Stepping ~*~*~tactically~*~*~ (retreating).
  3958 | D:5      | 3958 ||| Stepping ~*~*~tactically~*~*~ (retreating).
  3959 | D:5      | 3959 ||| Stepping ~*~*~tactically~*~*~ (retreating).
  3960 | D:5      | 3960 ||| FLEEEEING.
  3961 | D:5      | 3961 ||| FLEEEEING.
  3962 | D:5      | 3962 ||| FLEEEEING.
  3963 | D:5      | 3963 ||| FLEEEEING.
  3964 | D:5      | 3964 ||| FLEEEEING.
  3965 | D:5      | 3965 ||| FLEEEEING.
  3966 | D:5      | 3966 ||| FLEEEEING.
  3973 | D:5      | 3973 ||| DRINKING potion of curing.
  3973 | D:5      | 3973 ||| (to cure confusion)
  3976 | D:5      | Reached skill level 9 in Ranged Weapons
  3998 | D:5      | 3998 ||| READING scroll of enchant weapon.
  3998 | D:5      | 3998 ||| ENCHANTING +1 shortbow of draining.
  4005 | D:5      | Reached skill level 3 in Armour
  4085 | D:5      | Reached skill level 6 in Fighting
  4168 | D:5      | 4168 ||| SWAPPING to +0 orcbow.
  4174 | D:5      | 4174 ||| DROPPING +2 shortbow of draining.
  4212 | D:5      | 4212 ||| FLEEEEING.
  4213 | D:5      | 4213 ||| FLEEEEING.
  4214 | D:5      | 4214 ||| FLEEEEING.
  4215 | D:5      | 4215 ||| FLEEEEING.
  4221 | D:5      | 4221 ||| STAIRDANCE
  4241 | D:4      | 4241 ||| UPGRADING to +3 leather armour of cold resistance.
  4251 | D:4      | 4251 ||| DROPPING +0 ring mail.
  4252 | D:4      | 4252 ||| READING scroll labelled VAMIUBLIANOCO.
  4253 | D:4      | 4253 ||| READING 2 scrolls labelled QOEBLI XUTTEGG.
  4254 | D:4      | 4254 ||| DROPPING scroll of amnesia.
  4262 | D:5      | 4262 ||| STAIRDANCE
  4468 | D:5      | Reached skill level 10 in Ranged Weapons
  4468 | D:5      | Reached XP level 9. HP: 48/55 MP: 9/9
  4540 | D:5      | 4540 ||| Stepping ~*~*~tactically~*~*~ (retreating).
  4542 | D:5      | 4542 ||| Stepping ~*~*~tactically~*~*~ (retreating).
  4543 | D:5      | 4543 ||| Stepping ~*~*~tactically~*~*~ (retreating).
  4544 | D:5      | 4544 ||| Stepping ~*~*~tactically~*~*~ (retreating).
  4545 | D:5      | 4545 ||| Stepping ~*~*~tactically~*~*~ (retreating).
  4546 | D:5      | 4546 ||| Stepping ~*~*~tactically~*~*~ (retreating).
  4547 | D:5      | 4547 ||| Stepping ~*~*~tactically~*~*~ (retreating).
  4548 | D:5      | 4548 ||| Stepping ~*~*~tactically~*~*~ (retreating).
  4549 | D:5      | 4549 ||| Stepping ~*~*~tactically~*~*~ (retreating).
  4550 | D:5      | 4550 ||| Stepping ~*~*~tactically~*~*~ (retreating).
  4551 | D:5      | 4551 ||| Stepping ~*~*~tactically~*~*~ (retreating).
  4552 | D:5      | 4552 ||| Stepping ~*~*~tactically~*~*~ (retreating).
  4553 | D:5      | 4553 ||| Stepping ~*~*~tactically~*~*~ (retreating).
  4555 | D:5      | 4555 ||| Stepping ~*~*~tactically~*~*~ (retreating).
  4568 | D:5      | Reached skill level 3 in Dodging
  4892 | D:5      | 4892 ||| READING scroll labelled BYFYVE UHUSA.
  4893 | D:5      | 4893 ||| READING 4 scrolls of identify.
  4893 | D:5      | 4893 ||| IDENTIFYING glowing red potion
  4894 | D:5      | 4894 ||| DROPPING potion of degeneration.
  5958 | D:6      | 5958 ||| Stepping ~*~*~tactically~*~*~ (outnumbered).
  5964 | D:6      | Reached skill level 11 in Ranged Weapons
  6227 | D:6      | 6227 ||| READING 4 scrolls of identify.
  6227 | D:6      | 6227 ||| IDENTIFYING fuming yellow potion
  6228 | D:6      | 6228 ||| DROPPING potion of attraction.
  6277 | D:7      | Found a flagged portal.
  6351 | D:7      | 6351 ||| RETREATING.
  6356 | D:7      | 6356 ||| Stepping ~*~*~tactically~*~*~ (retreating).
  6364 | D:7      | 6364 ||| Stepping ~*~*~tactically~*~*~ (retreating).
  6379 | D:7      | 6379 ||| FLEEEEING.
  6380 | D:7      | 6380 ||| FLEEEEING.
  6381 | D:7      | 6381 ||| FLEEEEING.
  6382 | D:7      | 6382 ||| FLEEEEING.
  6383 | D:7      | 6383 ||| FLEEEEING.
  6384 | D:7      | 6384 ||| FLEEEEING.
  6385 | D:7      | 6385 ||| FLEEEEING.
  6386 | D:7      | 6386 ||| FLEEEEING.
  6387 | D:7      | 6387 ||| FLEEEEING.
  6388 | D:7      | 6388 ||| FLEEEEING.
  6389 | D:7      | 6389 ||| FLEEEEING.
  6390 | D:7      | 6390 ||| FLEEEEING.
  6391 | D:7      | 6391 ||| FLEEEEING.
  6392 | D:7      | 6392 ||| FLEEEEING.
  6393 | D:7      | 6393 ||| FLEEEEING.
  6394 | D:7      | 6394 ||| FLEEEEING.
  6395 | D:7      | 6395 ||| FLEEEEING.
  6396 | D:7      | 6396 ||| FLEEEEING.
  6397 | D:7      | 6397 ||| FLEEEEING.
  6398 | D:7      | 6398 ||| FLEEEEING.
  6399 | D:7      | 6399 ||| FLEEEEING.
  6400 | D:7      | 6400 ||| FLEEEEING.
  6401 | D:7      | 6401 ||| FLEEEEING.
  6402 | D:7      | 6402 ||| FLEEEEING.
  6403 | D:7      | 6403 ||| FLEEEEING.
  6404 | D:7      | 6404 ||| FLEEEEING.
  6405 | D:7      | 6405 ||| FLEEEEING.
  6406 | D:7      | 6406 ||| FLEEEEING.
  6407 | D:7      | 6407 ||| FLEEEEING.
  6408 | D:7      | 6408 ||| FLEEEEING.
  6409 | D:7      | 6409 ||| FLEEEEING.
  6410 | D:7      | 6410 ||| STAIRDANCE
  6527 | D:7      | 6527 ||| RETREATING.
  6626 | D:7      | Identified the +3 whip of Fate {protect, *Corrode rF+ rC+
                  | rN+}
  6658 | D:7      | 6658 ||| Stepping ~*~*~tactically~*~*~ (outnumbered).
  6660 | D:7      | 6660 ||| Stepping ~*~*~tactically~*~*~ (outnumbered).
  6671 | D:7      | Reached XP level 10. HP: 61/64 MP: 10/10
  6784 | D:7      | Found a sparkling altar of Nemelex Xobeh.
  6831 | D:7      | Reached skill level 12 in Ranged Weapons
  6869 | D:7      | 6869 ||| Stepping ~*~*~tactically~*~*~ (retreating).
  6870 | D:7      | 6870 ||| Stepping ~*~*~tactically~*~*~ (retreating).
  6871 | D:7      | 6871 ||| Stepping ~*~*~tactically~*~*~ (retreating).
  6872 | D:7      | 6872 ||| Stepping ~*~*~tactically~*~*~ (retreating).
  6873 | D:7      | 6873 ||| Stepping ~*~*~tactically~*~*~ (retreating).
  6874 | D:7      | 6874 ||| Stepping ~*~*~tactically~*~*~ (retreating).
  6875 | D:7      | 6875 ||| Stepping ~*~*~tactically~*~*~ (retreating).
  6876 | D:7      | 6876 ||| Stepping ~*~*~tactically~*~*~ (retreating).
  6888 | D:7      | Noticed a white ugly thing
  6904 | D:7      | HP: 10/64 [troll (11)]
  6905 | D:7      | 6905 ||| READING scroll of teleportation.
  6909 | D:7      | Found a glowing golden altar of the Shining One.
  7399 | D:7      | Found a staircase to the Ecumenical Temple.
  7400 | D:7      | 7400 ||| PLANNING TEMPLE
  7400 | D:7      | 7400 ||| UPGRADING to ring of resist corrosion.
  7401 | D:7      | 7401 ||| READING scroll labelled VAOGIQ ILES.
  7402 | D:7      | 7402 ||| READING 3 scrolls of identify.
  7402 | D:7      | 7402 ||| IDENTIFYING clear potion
  7403 | D:7      | 7403 ||| READING 2 scrolls of identify.
  7403 | D:7      | 7403 ||| IDENTIFYING fuming amethyst potion
  7404 | D:7      | 7404 ||| DROPPING potion of ambrosia.
  7414 | Temple   | Entered the Ecumenical Temple
  7415 | Temple   | 7415 ||| PLANNING OKAWARU WORSHIP
  7432 | Temple   | Became a worshipper of Warmaster Okawaru
  7433 | Temple   | 7433 ||| PLANNING D:1-11
  7593 | D:7      | 7593 ||| Stepping ~*~*~tactically~*~*~ (outnumbered).
  7866 | D:7      | Identified the +4 war axe of Instinct {freeze, Dex+6
                  | Stlth-}
  7887 | D:8      | Found Fais's Antique Weapon Boutique.
  7888 | D:8      | 7888 ||| RETREATING.
  7936 | D:8      | Reached * piety under Okawaru
  7937 | D:8      | Reached skill level 13 in Ranged Weapons
  7937 | D:8      | 7937 ||| INVOKING Heroism.
  8051 | D:8      | 8051 ||| BUYING longbow (169 gold).
  8051 | D:8      | Bought a longbow for 169 gold pieces
  8051 | D:8      | 8051 ||| SWAPPING to +0 longbow.
  8052 | D:8      | 8052 ||| DROPPING +0 orcbow.
  8115 | D:8      | Found a basalt altar of Yredelemnul.
  8153 | D:8      | Reached skill level 1 in Invocations
  8159 | D:8      | 8159 ||| FLEEEEING.
  8160 | D:8      | 8160 ||| FLEEEEING.
  8217 | D:8      | Noticed Jeremiah
  8251 | D:8      | 8251 ||| FLEEEEING.
  8252 | D:8      | 8252 ||| FLEEEEING.
  8276 | D:8      | 8276 ||| INVOKING Heroism.
  8278 | D:8      | 8278 ||| FLEEEEING.
  8279 | D:8      | 8279 ||| FLEEEEING.
  8280 | D:8      | Killed Jeremiah
  8713 | D:9      | Noticed a two-headed ogre
  8714 | D:9      | 8714 ||| INVOKING Heroism.
  8732 | D:9      | Killed a two-headed ogre
  8733 | D:9      | Reached skill level 9 in Fighting
  8733 | D:9      | 8733 ||| STAIRDANCE
  8822 | D:9      | Found an ancient bone altar of Kikubaaqudgha.
  8878 | D:9      | 8878 ||| INVOKING Heroism.
  8916 | D:9      | Noticed an orange demon
  8917 | D:9      | 8917 ||| RETREATING.
  8919 | D:9      | 8919 ||| RETREATING.
  8921 | D:9      | 8921 ||| RETREATING.
  8924 | D:9      | 8924 ||| Stepping ~*~*~tactically~*~*~ (retreating).
  8936 | D:9      | Killed an orange demon
  8936 | D:9      | Reached ** piety under Okawaru
  8937 | D:9      | Reached skill level 3 in Invocations
  8937 | D:9      | Reached XP level 11. HP: 58/71 MP: 11/13
  8995 | D:9      | Noticed Amaemon
  8996 | D:9      | 8996 ||| INVOKING Heroism.
  9007 | D:9      | Killed Amaemon
  9210 | D:9      | Found a shadowy altar of Dithmenos.
  9441 | D:9      | Found a sacrificial altar of Ru.
  9711 | D:9      | 9711 ||| UPGRADING to +2 hat.
  9721 | D:9      | 9721 ||| DROPPING +0 helmet.
  9722 | D:9      | 9722 ||| UPGRADING to +0 pair of gloves.
  9727 | D:9      | 9727 ||| UPGRADING to amulet of faith.
  9732 | D:9      | 9732 ||| UPGRADING to +6 ring of dexterity.
  9781 | D:10     | Entered Level 10 of the Dungeon
  9803 | D:10     | 9803 ||| RETREATING.
  9804 | D:10     | 9804 ||| INVOKING Heroism.
  9809 | D:10     | 9809 ||| RETREATING.
  9823 | D:10     | Noticed a two-headed ogre
  9832 | D:10     | Killed a two-headed ogre
  9833 | D:10     | 9833 ||| Stepping ~*~*~tactically~*~*~ (retreating).
  9834 | D:10     | 9834 ||| Stepping ~*~*~tactically~*~*~ (retreating).
  9835 | D:10     | 9835 ||| Stepping ~*~*~tactically~*~*~ (retreating).
  9836 | D:10     | 9836 ||| Stepping ~*~*~tactically~*~*~ (retreating).
  9837 | D:10     | 9837 ||| INVOKING Heroism.
  9838 | D:10     | 9838 ||| Stepping ~*~*~tactically~*~*~ (retreating).
  9839 | D:10     | 9839 ||| Stepping ~*~*~tactically~*~*~ (retreating).
  9840 | D:10     | HP: 16/71 [ice devil[a kobold demonologist] (6)]
  9841 | D:10     | 9841 ||| READING 2 scrolls of teleportation.
  9842 | D:10     | 9842 ||| DRINKING potion of heal wounds.
 10014 | D:10     | 10014 ||| RETREATING.
 10016 | D:10     | 10016 ||| Stepping ~*~*~tactically~*~*~ (retreating).
 10017 | D:10     | 10017 ||| Stepping ~*~*~tactically~*~*~ (retreating).
 10018 | D:10     | 10018 ||| Stepping ~*~*~tactically~*~*~ (retreating).
 10019 | D:10     | 10019 ||| Stepping ~*~*~tactically~*~*~ (retreating).
 10020 | D:10     | 10020 ||| Stepping ~*~*~tactically~*~*~ (retreating).
 10021 | D:10     | 10021 ||| Stepping ~*~*~tactically~*~*~ (retreating).
 10022 | D:10     | 10022 ||| Stepping ~*~*~tactically~*~*~ (retreating).
 10023 | D:10     | 10023 ||| Stepping ~*~*~tactically~*~*~ (retreating).
 10024 | D:10     | 10024 ||| Stepping ~*~*~tactically~*~*~ (retreating).
 10028 | D:10     | 10028 ||| Stepping ~*~*~tactically~*~*~ (retreating).
 10032 | D:10     | 10032 ||| INVOKING Heroism.
 10033 | D:10     | Noticed a sixfirhy
 10035 | D:10     | 10035 ||| Stepping ~*~*~tactically~*~*~ (retreating).
 10038 | D:10     | Reached skill level 14 in Ranged Weapons
 10209 | D:10     | 10209 ||| INVOKING Heroism.
 10394 | D:10     | Found Tang's Jewellery Boutique.
 10401 | D:10     | 10401 ||| INVOKING Heroism.
 10500 | D:10     | 10500 ||| BUYING amulet "Abucoeph" {Spirit rC+ Str-3
                  | Slay+2} (553 gold).
 10500 | D:10     | Bought the amulet "Abucoeph" {Spirit rC+ Str-3 Slay+2} for
                  | 553 gold pieces
 10500 | D:10     | 10500 ||| SHOPLISTING ring "Iroih" {rPois rF+ Int+2 Dex+2}
                  | (508 gold, have 10).
 10519 | D:10     | Found a staircase to the Lair.
 10533 | D:10     | Noticed a two-headed ogre
 10534 | D:10     | 10534 ||| INVOKING Heroism.
 10538 | D:10     | Killed a two-headed ogre
 10538 | D:10     | Reached *** piety under Okawaru
 10840 | D:10     | 10840 ||| PLANNING LAIR
 10840 | D:10     | 10840 ||| DROPPING ring of ice.
 10841 | D:10     | 10841 ||| UPGRADING to +6 ring of dexterity.
 10843 | D:10     | 10843 ||| DROPPING ring of resist corrosion.
 10844 | D:10     | 10844 ||| READING scroll labelled TEANU QYPNUN.
 10932 | Lair:1   | Entered Level 1 of the Lair of Beasts
 10955 | Lair:1   | Noticed an oklob plant
 10956 | Lair:1   | 10956 ||| INVOKING Heroism.
 10962 | Lair:1   | Killed an oklob plant
 10963 | Lair:1   | Reached skill level 6 in Dodging
 10989 | Lair:1   | 10989 ||| RETREATING.
 10993 | Lair:1   | 10993 ||| Stepping ~*~*~tactically~*~*~ (retreating).
 11149 | Lair:1   | 11149 ||| INVOKING Heroism.
 11325 | Lair:1   | Reached **** piety under Okawaru
 11376 | Lair:1   | 11376 ||| RETREATING.
 11395 | Lair:1   | Reached XP level 12. HP: 77/77 MP: 15/15
 11700 | Lair:1   | 11700 ||| READING scroll of enchant weapon.
 11700 | Lair:1   | 11700 ||| ENCHANTING +0 longbow.
 11985 | Lair:1   | 11985 ||| INVOKING Heroism.
 12222 | Lair:2   | 12222 ||| INVOKING Heroism.
 12262 | Lair:2   | Reached skill level 6 in Invocations
 12274 | Lair:2   | Reached ***** piety under Okawaru
 12318 | Lair:2   | Found a hole to the Spider Nest.
 12378 | Lair:2   | 12378 ||| DRINKING 2 smoky clear potions.
 12559 | Lair:2   | Noticed a six-headed hydra
 12560 | Lair:2   | 12560 ||| INVOKING Heroism.
 12569 | Lair:2   | Killed a six-headed hydra
 12608 | Lair:2   | 12608 ||| RETREATING.
 12683 | Lair:2   | Noticed a death yak
 12683 | Lair:2   | Noticed a death yak
 12684 | Lair:2   | 12684 ||| RETREATING.
 12812 | Lair:2   | 12812 ||| RETREATING.
 12813 | Lair:2   | 12813 ||| INVOKING Heroism.
 12814 | Lair:2   | 12814 ||| INVOKING Finesse.
 12818 | Lair:2   | Killed a death yak
 12819 | Lair:2   | Noticed a death yak
 12825 | Lair:2   | Noticed a death yak
 12842 | Lair:2   | Killed a death yak
 12843 | Lair:2   | Reached skill level 15 in Ranged Weapons
 12843 | Lair:2   | 12843 ||| INVOKING Heroism.
 12843 | Lair:2   | Noticed a death yak
 12847 | Lair:2   | Noticed a death yak
 12851 | Lair:2   | Killed a death yak
 12855 | Lair:2   | 12855 ||| INVOKING Finesse.
 12860 | Lair:2   | Killed a death yak
 12866 | Lair:2   | Killed a death yak
 12875 | Lair:2   | Killed a death yak
 13043 | Lair:3   | 13043 ||| Stepping ~*~*~tactically~*~*~ (retreating).
 13044 | Lair:3   | 13044 ||| Stepping ~*~*~tactically~*~*~ (retreating).
 13050 | Lair:3   | 13050 ||| INVOKING Heroism.
 13060 | Lair:3   | HP: 16/77 [elephant (12)]
 13061 | Lair:3   | 13061 ||| READING 3 scrolls of teleportation.
 13062 | Lair:3   | 13062 ||| DRINKING 2 potions of heal wounds.
 13066 | Lair:3   | Reached skill level 9 in Invocations
 13072 | Lair:3   | 13072 ||| RETREATING.
 13075 | Lair:3   | 13075 ||| Stepping ~*~*~tactically~*~*~ (retreating).
 13076 | Lair:3   | 13076 ||| Stepping ~*~*~tactically~*~*~ (retreating).
 13081 | Lair:3   | Identified the scarf "Bepniodd" {rC+ rF+, rElec rPois rCorr
                  | Dex-2} (Okawaru gifted it to you on level 3 of the Lair of
                  | Beasts)
 13081 | Lair:3   | Received a gift from Okawaru
 13101 | Lair:3   | Reached XP level 13. HP: 57/82 MP: 18/20
 13123 | Lair:3   | 13123 ||| INVOKING Heroism.
 13370 | Lair:3   | 13370 ||| INVOKING Heroism.
 13417 | Lair:3   | 13417 ||| RETREATING.
 13418 | Lair:3   | 13418 ||| Stepping ~*~*~tactically~*~*~ (retreating).
 13419 | Lair:3   | 13419 ||| Stepping ~*~*~tactically~*~*~ (retreating).
 13420 | Lair:3   | 13420 ||| Stepping ~*~*~tactically~*~*~ (retreating).
 13421 | Lair:3   | 13421 ||| Stepping ~*~*~tactically~*~*~ (retreating).
 13422 | Lair:3   | 13422 ||| Stepping ~*~*~tactically~*~*~ (retreating).
 13423 | Lair:3   | 13423 ||| Stepping ~*~*~tactically~*~*~ (retreating).
 13424 | Lair:3   | 13424 ||| Stepping ~*~*~tactically~*~*~ (retreating).
 13437 | Lair:3   | Reached skill level 16 in Ranged Weapons
 13458 | Lair:3   | 13458 ||| RETREATING.
 13506 | Lair:3   | 13506 ||| INVOKING Heroism.
 13563 | Lair:3   | 13563 ||| INVOKING Heroism.
 13614 | Lair:3   | 13614 ||| INVOKING Heroism.
 13615 | Lair:3   | 13615 ||| Stepping ~*~*~tactically~*~*~ (retreating).
 13646 | Lair:3   | 13646 ||| READING scroll of enchant armour.
 13646 | Lair:3   | 13646 ||| ENCHANTING +0 pair of gloves.
 13697 | Lair:3   | Found a staircase to the Swamp.
 13911 | Lair:3   | 13911 ||| UPGRADING to scarf "Bepniodd" {rC+ rF+, rElec
                  | rPois rCorr Dex-2}.
 13938 | Lair:4   | 13938 ||| Stepping ~*~*~tactically~*~*~ (retreating).
 13939 | Lair:4   | 13939 ||| RETREATING.
 13976 | Lair:4   | 13976 ||| INVOKING Heroism.
 13977 | Lair:4   | 13977 ||| INVOKING Finesse.
 14116 | Lair:4   | 14116 ||| INVOKING Heroism.
 14150 | Lair:4   | Received a gift from Okawaru
 14214 | Lair:4   | Found a runed translucent door.
 14427 | Lair:4   | 14427 ||| INVOKING Heroism.
 14563 | Lair:4   | Found a staircase to the Slime Pits.
 14570 | Lair:5   | Entered Level 5 of the Lair of Beasts
 14571 | Lair:5   | 14571 ||| Stepping ~*~*~tactically~*~*~ (retreating).
 14572 | Lair:5   | 14572 ||| RETREATING.
 14573 | Lair:5   | 14573 ||| Stepping ~*~*~tactically~*~*~ (retreating).
 14574 | Lair:5   | 14574 ||| Stepping ~*~*~tactically~*~*~ (retreating).
 14575 | Lair:5   | 14575 ||| Stepping ~*~*~tactically~*~*~ (retreating).
 14576 | Lair:5   | 14576 ||| INVOKING Heroism.
 14577 | Lair:5   | 14577 ||| INVOKING Finesse.
 14603 | Lair:5   | Reached skill level 17 in Ranged Weapons
 14616 | Lair:5   | Identified the +0 ring mail of the Shimmering Gods {Int+8}
                  | (Okawaru gifted it to you on level 5 of the Lair of Beasts)
 14616 | Lair:5   | Received a gift from Okawaru
 14616 | Lair:5   | HP: 20/84 [death yak (15)]
 14617 | Lair:5   | 14617 ||| READING 2 scrolls of teleportation.
 14617 | Lair:5   | HP: 1/84 [death yak (20)]
 14618 | Lair:5   | 14618 ||| DRINKING potion of heal wounds.
 14633 | Lair:5   | 14633 ||| READING scroll of teleportation.
 14640 | Lair:5   | 14640 ||| RETREATING.
 14642 | Lair:5   | 14642 ||| INVOKING Heroism.
 14644 | Lair:5   | HP: 16/84 [rime drake/icy flash freeze (7)]
 14664 | Lair:5   | HP: 6/84 [basilisk (14)]
 14666 | Lair:5   | Gained mutation: Your large and strong wings let you fly.
                  | [Gargoyle growth]
 14666 | Lair:5   | Reached XP level 14. HP: 6/90 MP: 18/21
 14674 | Lair:5   | HP: 7/90 [elephant (1)]
 14684 | Lair:5   | Slain by a black mamba

Levels and vault maps discovered:
D:1:      spicycebolla_arrival_risky_transporter, layout_loops_ring,
          minmay_tromino_v4_b
D:2:      minmay_inner_zag, layout_rooms, minmay_misc_feat_hallway, uniq_terence
D:3:      layout_loops_ring, lemuel_round_altar, dancing_weapons_uskayaw
D:4:      layout_basic, mainiacjoe_overflow_alcove_4, nicolae_titane,
          uniq_natasha, uniq_blork_the_orc, uniq_grinder
D:5:      layout_gridville, mainiacjoe_overflow_cross_hatched,
          mainiacjoe_overflow_small_starburst, serial_shops,
          nicolae_shop_gibbet_a_chance, minmay_misc_feat_tiny, nicolae_wormholes
D:6:      layout_layer_cave, lemuel_flamethrower_2
D:7:      minmay_the_grid_octo_tiled_squarecenter
          [minmay_the_grid_octo_concentric, minmay_the_grid_octo_77,
          minmay_the_grid_octo_odd_swirl, minmay_the_grid_octo_pinwheel,
          minmay_the_grid_square_5x5_megaprize_hollow,
          minmay_the_grid_square_5x5_empty,
          minmay_the_grid_square_5x5_pentomino_r,
          minmay_the_grid_square_5x5_longway, minmay_the_grid_square_5x5_lines],
          layout_loops_ring, tso_metal_star, nemelex_diamond_rough_becter,
          minmay_temple_entry_mini_moons, enter_bailey_2, abandoned_shop,
          grunt_tough_drop
D:8:      layout_cave_pools, overflow_temple_1_default, serial_park,
          serial_park_gazebo [serial_park_minivault_5x5_5], serial_park_square2,
          serial_park_square3 [serial_park_minivault_5x5_2], serial_park_tiny_2,
          serial_shops, shop, chequers_serial_rivers_micro_a, uniq_jeremiah
D:9:      layout_basic, nicolae_dithmenos_shadow_blocks,
          kiku_gazebo_garden_becter, mainiacjoe_overflow_surrounded_room,
          uniq_amaemon
D:10:     layout_basic, lair_entry_dummy, serial_shops,
          nicolae_shop_rolling_square, st_stairs_14
Temple:   chequers_temple_sunken
Lair:1:   layout_cave_pods, minmay_lair_oklob_bushes, nicolae_lair_lindhole
Lair:2:   layout_long_grid, spider_nest_entry_web_field
Lair:3:   layout_long_grid, skrybe_swamp_entry_bodies, serial_rivers,
          chequers_serial_rivers_micro_b, chequers_serial_rivers_small_a,
          chequers_serial_rivers_micro_e, chequers_serial_rivers_micro_c,
          infiniplex_staircase_pool_2, serial_bayou_shore_b
Lair:4:   layout_roguey, slime_entry_2, grunt_megastairs_4,
          infiniplex_staircase_pool
Lair:5:   grunt_lair_end_beastmaster, layout_big_grid,
          nicolae_volcano_entry_lava_flow, maelrawn_ghost_gauntlet_escape,
          pdpol_lair_cabin_in_the_woods, serial_bayou_shore_a,
          grunt_megastairs_3, lemuel_fruit_tree

Skill      XL: |  1  2  3  4  5  6  7  8  9 10 11 12 13 |
---------------+----------------------------------------+-----
Armour         | 1 2 3 4 |  4.0
Ranged Weapons | 5 6 8 10 11 13 14 15 17 | 17.4
Fighting       | 3 4 5 6 8 9 10 11 | 11.0
Dodging        | 2 3 4 7 8 |  8.0
Invocations    | 3 4 9 10 | 10.0
Stealth        | |  1.1

Action                     |  1- 3 |  4- 6 |  7- 9 | 10-12 | 13-15 || total
---------------------------+-------+-------+-------+-------+-------++-------
   Fire: Shortbow          |   105 |   198 |   145 |       |       ||   448
         Orcbow            |       |       |   351 |   233 |       ||   584
         Longbow           |       |       |       |   553 |   299 ||   852
 Invoke: Heroism           |       |       |       |    19 |    10 ||    29
         Finesse           |       |       |       |     2 |     2 ||     4
    Use: Scroll            |     4 |     5 |    10 |     8 |     3 ||    30
         Potion            |     1 |     2 |     2 |     3 |     1 ||     9
 Armour: Leather armour    |    14 |       |   105 |   206 |    33 ||   358
         Ring mail         |    17 |    53 |    58 |       |       ||   128
  Dodge: Dodged            |    34 |    55 |   223 |   365 |   151 ||   828

Table legend:
 A = Non-vault XP
 B = Vault XP
 C = Vault XP percentage of total XP
 D = Non-vault monster count
 E = Vault monster count
 F = Vault count percentage of total count
                 A         B        C        D         E       F
            +---------+---------+-------+---------+---------+-------
      Total |   48100 |    7468 |  13.4 |     327 |      58 |  15.1
            +---------+---------+-------+---------+---------+-------
        D:1 |      19 |       3 |  13.6 |      12 |       2 |  14.3
        D:2 |      37 |      49 |  57.0 |      17 |       5 |  22.7
        D:3 |     128 |       0 |   0.0 |      29 |       0 |   0.0
        D:4 |     775 |     429 |  35.6 |      23 |       3 |  11.5
        D:5 |    1362 |      25 |   1.8 |      27 |       5 |  15.6
        D:6 |     948 |       0 |   0.0 |      25 |       0 |   0.0
        D:7 |    1350 |    1547 |  53.4 |      26 |      24 |  48.0
        D:8 |     558 |     865 |  60.8 |       9 |       7 |  43.8
        D:9 |    2176 |    1214 |  35.8 |      24 |       2 |   7.7
       D:10 |    3779 |     196 |   4.9 |      20 |       1 |   4.8
     Lair:1 |    3880 |    1148 |  22.8 |      21 |       2 |   8.7
     Lair:2 |    8898 |       0 |   0.0 |      23 |       0 |   0.0
     Lair:3 |   11262 |     649 |   5.4 |      39 |       1 |   2.5
     Lair:4 |    5190 |     710 |  12.0 |      17 |       4 |  19.0
     Lair:5 |    7738 |     633 |   7.6 |      15 |       2 |  11.8
            +---------+---------+-------+---------+---------+-------
